 Dungeon Crawl Stone Soup version 0.32-a0-886-g41c5271027 (webtiles) character file.

Game seed: 4120095429199001266

648 Armakuni the Charlatan (level 7, -4/52 HPs)
             Began as a Human Artificer on Apr 2, 2024.
             Was an Initiate of Gozag.
             Slain by a hornet (11 damage)
             ... on level 5 of the Dungeon.
             The game lasted 00:16:01 (4339 turns).

Armakuni the Charlatan (Human Artificer)            Turns: 4339, Time: 00:16:02

Health: -4/52      AC:  7    Str: 14    XL:     7   Next: 53%
Magic:  7/7        EV: 11    Int: 11    God:    Gozag
Gold:   482        SH:  5    Dex: 20    Spells: 6/6 levels left

rFire   . . .        b - +1 flail (venom)
rCold   . . .        (no shield)
rNeg    . . .        j - +1 ring mail {rPois}
rPois   +            g - +0 helmet
rElec   .            (no cloak)
rCorr   .            (no gloves)
SInv    .            (no boots)
Will    .....        H - amulet of reflection
Stlth   +            D - +6 ring of dexterity
HPRegen 0.28/turn    (no ring)
MPRegen 0.10/turn

%: reflection
@: slowed, very slow
A: explore regen
a: Renounce Religion, Potion Petition, Call Merchant, Bribe Branch


You were on level 5 of the Dungeon.
You worshipped Gozag.
Gozag was aware of your devotion.
You visited 2 branches of the dungeon, and saw 6 of its levels.

You collected 561 gold pieces.
You paid 79 gold pieces to Gozag.

Inventory:

Hand Weapons
 a - a +1 heavy flail
 b - a +1 flail of venom (weapon)
Missiles
 h - 13 poisoned darts
 i - a throwing net
Armour
 g - a +0 helmet (worn)
 j - a +1 ring mail of poison resistance (worn)
 m - the +3 ring mail of Dacraf {*Slow rPois rF+++ Dex+3}
   (You found it on level 5 of the Dungeon)

   Dex+3:     It affects your dexterity (+3).
   rF+++:     It renders you almost immune to fire.
   rPois:     It protects you from poison.
   *Slow:     It may slow you when you take damage.
Jewellery
 D - a +6 ring of dexterity (left hand)
 G - an amulet of guardian spirit
 H - an amulet of reflection (around neck)
Talismans
 n - a talisman of death
Wands
 c - a wand of charming (7) (quivered)
 w - a wand of warping (8)
Scrolls
 p - a scroll of vulnerability
 r - a scroll of immolation
 s - a scroll of butterflies
Potions
 d - 3 potions of lignification
 e - 2 potions of mutation {unknown}
 f - a potion of enlightenment {unknown}
 k - 6 potions of heal wounds
 l - a potion of attraction {unknown}
 o - 6 potions of curing
 q - 2 potions of cancellation {unknown}


   Skills:
 - Level 3.0 Fighting
 - Level 3.0(3.7) Maces & Flails
 + Level 3.3(3.9) Staves
 - Level 3.0 Armour
 - Level 3.0 Dodging
 - Level 1.0 Stealth
 - Level 5.0 Evocations


You had 6 spell levels left.
You didn't know any spells.
Your spell library contained the following spells:

 Spells                   Type           Power      Damage    Failure   Level
 Apportation              Tloc           0%         N/A       56%         1
 Jinxbite                 Hex            0%         N/A       71%         2
 Alistair's Intoxication  Alch           0%         N/A       100%        5


Dungeon Overview and Level Annotations

Branches:
Dungeon (5/15)             Temple (1/1) D:4

Altars:
Ashenzari
Cheibriados
Dithmenos
Fedhas
Gozag
Hepliaklqana
Kikubaaqudgha
Makhleb
Okawaru
Qazlal
Sif Muna
Trog
Uskayaw
Vehumet
Wu Jian
Xom
Yredelemnul

Shops:
D:2 [   D:3 [(

Annotations:
D:4 exclusion: statue


Innate Abilities, Weirdness & Mutations

You regain HP and MP as you explore.


Message History

As you read the scroll labelled FIT WUEHURA, it crumbles to dust.
It is a scroll of brand weapon.
Your +1 flail of holy wrath drips with poison.
b - a +1 flail of venom
Found a scimitar.
You barely miss the hornet.
The hornet buzzes angrily.
You hear a shout!
The hornet stings you! You block the hornet's attack. The hornet misses you.
Something shouts, "Fly, thou beslubbering saucy haggard!"
You hit the hornet but do no damage. You block the hornet's attack.
The hornet stings you.
You are poisoned.
The hornet stings you!
You feel yourself slow down.
Your +1 flail of venom begins to drip with poison!
b - a +1 flail of venom (weapon)
You feel very sick. The hornet stings you!
* * * LOW HITPOINT WARNING * * *
You feel better.
You feel yourself speed up. The hornet barely misses you.
An ufetubus comes into view.
The hornet stings you.
You suddenly lose the ability to move!
You can move again.
The ufetubus shouts!
You hit the hornet.
The hornet is lightly wounded.
The hornet closely misses you. The ufetubus hits you.
The ufetubus closely misses you. You block the hornet's attack.
You closely miss the hornet.
The hornet is lightly wounded.
The ufetubus slips past you! You block the ufetubus's attack.
The ufetubus closely misses you. The hornet stings you!
* * * LOW HITPOINT WARNING * * *
You feel yourself slow down. The ufetubus hits you.
* * * LOW HITPOINT WARNING * * *
The ufetubus hits you but does no damage.
The hornet stings you!
You die...
Your body crumbles into a pile of gold.

#..## . #.## #.# #.# '#
#.# ###.###### #.#
#........ #.# #.#.##...
..# #.# #....#.## ...
#.########....y@.###.##)
###
#.............#5........
##########.#.##.####.###
#.#.##......#
#...........#
#############


You could see a hornet and an ufetubus.

Vanquished Creatures
  Blork the orc (D:4)
  A bombardier beetle (D:5)
  3 jellies
  A gnoll bouda (D:5)
  2 iguanas (D:4)
  Natasha (thrice) (D:4)
  An orc wizard (D:5)
  A hound zombie (D:4)
  Robin (D:3)
  3 adders
  8 gnolls
  2 ufetubi (D:5)
  An adder zombie (D:4)
  2 ribbon worms
  A dart slug (D:1)
  13 orcs
  7 ball pythons
  7 endoplasms
  5 giant cockroaches
  8 goblins
  7 hobgoblins
  10 jackals
  A quokka (D:5)
  4 bats
  2 frilled lizards (D:1)
  5 kobolds
  8 rats
108 creatures vanquished.

Vanquished Creatures (collateral kills)
  2 gnolls (D:5)
  A kobold (D:2)
  A goblin (D:3)
4 creatures vanquished.

Vanquished Creatures (others)
  A gnoll (D:3)
  A goblin (D:3)
  A jackal (D:2)
3 creatures vanquished.

Grand Total: 115 creatures vanquished

Notes
Turn   | Place    | Note
-------+----------+-------------------------------------------
     0 | D:1      | Armakuni the Human Artificer began the quest for the Orb.
     0 | D:1      | Reached XP level 1. HP: 15/15 MP: 1/1
   219 | D:1      | You fall into a shaft and drop 1 floor!
   238 | D:2      | Noticed a jelly
   241 | D:2      | Killed a jelly
   242 | D:2      | Reached skill level 4 in Evocations
   242 | D:2      | Reached XP level 2. HP: 21/21 MP: 2/2
   242 | D:2      | Reached XP level 3. HP: 26/26 MP: 3/3
   461 | D:2      | Reached XP level 4. HP: 25/32 MP: 4/4
   624 | D:1      | Reached skill level 5 in Evocations
  1267 | D:2      | Found Mamodis's Armour Shop.
  1305 | D:2      | Found a faded altar of an unknown god.
  1509 | D:3      | Noticed Robin
  1781 | D:3      | Killed Robin
  1782 | D:3      | Reached XP level 5. HP: 32/37 MP: 5/5
  1939 | D:3      | Found Geiticem's Antique Weapon Emporium.
  2010 | D:3      | Found Iwyotyusk's Antique Armour Shop.
  2417 | D:3      | Found an iron altar of Okawaru.
  2525 | D:4      | Found a staircase to the Ecumenical Temple.
  2535 | D:4      | Noticed Natasha
  2550 | D:4      | Killed Natasha
  2568 | Temple   | Entered the Ecumenical Temple
  2581 | Temple   | Reached XP level 6. HP: 38/46 MP: 6/6
  2692 | Temple   | Became a worshipper of Gozag Ym Sagoz the Greedy
  2725 | D:4      | Noticed Natasha
  2737 | D:4      | Killed Natasha
  2763 | D:4      | Reached skill level 1 in Maces & Flails
  2786 | D:4      | Found a basalt altar of Yredelemnul.
  2845 | D:4      | Noticed Natasha
  2951 | D:4      | Killed Natasha
  3097 | D:4      | Found a radiant altar of Vehumet.
  3231 | D:4      | Noticed Blork the orc
  3235 | D:4      | Killed Blork the orc
  3322 | D:4      | Found a shadowy altar of Dithmenos.
  3451 | D:4      | Reached XP level 7. HP: 51/52 MP: 7/7
  3460 | D:5      | Entered Level 5 of the Dungeon
  3487 | D:5      | Reached skill level 1 in Staves
  3815 | D:5      | Found a bloodstained altar of Trog.
  3895 | D:5      | Found an ornate altar of the Wu Jian Council.
  3897 | D:5      | Identified the +3 ring mail of Dacraf {*Slow rPois rF+++
                  | Dex+3}
  4170 | D:5      | Noticed a hornet
  4337 | D:5      | Paralysed by a hornet for 1 turns
  4339 | D:5      | Slain by a hornet

Illustrated notes

Levels and vault maps discovered:
D:1:      scummos_arrival_star, layout_basic
D:2:      layout_rooms, serial_shops, shop, ebering_ecumenical_altar_sacrificial
D:3:      layout_basic, kennysheep_okawaru_gauntlet, serial_shops,
          nicolae_shop_trees, shop, uniq_robin
D:4:      layout_basic, nicolae_dithmenos_through_a_glass_darkly,
          lemuel_zombie_altar_yredelemnul, vehumet_statue,
          minmay_temple_entry_arrows, uniq_blork_the_orc, uniq_natasha
D:5:      layout_loops_corners, elyvilon_altar_3, trog_three_pillars_becter,
          nzn_wu_jian_council_hall, grunt_tough_drop
Temple:   chequers_temple_sunken

Skill      XL: |  1  2  3  4  5  6  7 |
---------------+----------------------+-----
Evocations     | 4 5 |  5.0
Dodging        | 2 3 |  3.0
Armour         | 3 |  3.0
Fighting       | 2 3 |  3.0
Maces & Flails | 3 |  3.0
Staves         | 3 |  3.3
Stealth        | |  1.0

Action                     |  1- 3 |  4- 6 |  7- 9 || total
---------------------------+-------+-------+-------++-------
  Melee: Club              |    21 |       |       ||    21
         Whip              |    27 |    67 |       ||    94
         Long sword        |       |   106 |       ||   106
         Flail             |       |   110 |    50 ||   160
  Throw: Dart              |     4 |       |       ||     4
  Evoke: Wand              |    16 |    10 |     2 ||    28
    Use: Scroll            |       |    11 |     2 ||    13
         Potion            |       |       |     1 ||     1
   Stab: Sleeping          |       |     3 |       ||     3
         Distracted        |       |       |     1 ||     1
 Armour: Leather armour    |    32 |   199 |       ||   231
         Ring mail         |       |     3 |    57 ||    60
  Dodge: Dodged            |    43 |   168 |    36 ||   247
  Block: Other             |    19 |    74 |    19 ||   112

Table legend: (Time is in decaauts)
 A = Elapsed time spent in this place.
 B = Non-inter-level travel time spent in this place.
 C = Inter-level travel time spent in this place.
 D = Time resting spent in this place.
 E = Time spent auto-exploring this place.
 F = Levels seen in this place.
 G = Mean time per level.
                   A        B        C        D        E       F      G
               +--------+--------+--------+--------+--------+-----+--------+
         Total |   4477 |   4376 |    101 |    511 |   2230 |   6 |  746.2 |
       Dungeon |   4375 |   4293 |     82 |    485 |   2230 |   5 |  875.0 |
        Temple |    101 |     82 |     19 |     26 |      0 |   1 |  101.0 |
               +--------+--------+--------+--------+--------+-----+--------+

Top non-repeatable levels by time:
     D:5: 910 daAuts
     D:4: 907 daAuts
     D:1: 873 daAuts
     D:2: 847 daAuts
     D:3: 835 daAuts
  Temple: 101 daAuts
